 Dungeon Crawl Stone Soup version 0.23.1 (webtiles) character file.

Game seed: 12229844579016751984

28623 Kniotic the Martial Artist (level 13, -16/103 HPs)
             Began as a Demonspawn Monk on Mar 2, 2019.
             Was a Follower of Uskayaw.
             Engulfed by a cloud of freezing vapour (19 damage)
             ... in an ice cave.
             The game lasted 00:34:58 (18925 turns).

Kniotic the Martial Artist (Demonspawn Monk)       Turns: 18925, Time: 00:34:59

Health: -16/103    AC: 11    Str: 27    XL:     13   Next: 10%
Magic:  23/23      EV: 43    Int: 14    God:    Uskayaw [*.....]
Gold:   515        SH:  0    Dex: 23    Spells: 25/26 levels left

rFire    . . .     SeeInvis .     - Unarmed
rCold    . . .     Gourm    .   (no shield)
rNeg     . . .     Faith    .   l - +0 steam dragon scales
rPois    .         Spirit   .   (helmet restricted)
rElec    .         Reflect  .   k - +0 cloak
rCorr    .         Harm     .   C - +0 pair of gloves
MR       +....                  c - +0 pair of boots
Stlth    ++........             z - amulet "Wiolofre" {Acrobat rC- Str+8 Int+2 Slay+2}
HPRegen  0.27/turn              p - ring of protection from magic
MPRegen  0.18/turn              G - ring of ice

@: mighty, agile, acrobat, very slow
A: horns 2, thin metallic scales 2, fire resistance 1, powered by pain 1, spiny
1
a: Stomp, Renounce Religion


You were in an ice cave.
You worshipped Uskayaw.
Uskayaw was noncommittal.
You were hungry.

You visited 2 branches of the dungeon, and saw 16 of its levels.
You visited 1 bazaar.
You also visited: Ice Cave.

You collected 1215 gold pieces.
You spent 700 gold pieces at shops.

Inventory:

Armour
 c - a +0 pair of boots (worn)
 k - a +0 cloak (worn)
 l - +0 steam dragon scales (worn)
 q - a +2 robe of positive energy
 C - a +0 pair of gloves (worn)
Jewellery
 p - a ring of protection from magic (left hand)
 z - the amulet "Wiolofre" (around neck) {Acrobat rC- Str+8 Int+2 Slay+2}
   (You found it on level 7 of the Dungeon)

   [amulet of the acrobat]

   It helps you evade while moving and waiting.
   It affects your strength (+8).
   It affects your intelligence (+2).
   It affects your accuracy and damage with ranged weapons and melee attacks
   (+2).
   It makes you vulnerable to cold.
 G - a ring of ice (right hand)
 H - a +2 ring of dexterity
Wands
 a - a wand of acid (14)
 x - a wand of iceblast (12)
 J - a wand of polymorph (16)
Scrolls
 d - 2 scrolls of magic mapping
 e - 7 scrolls of amnesia
 h - 6 scrolls of remove curse
 m - 4 scrolls of teleportation
 n - 2 scrolls of immolation
 o - 3 scrolls of fear
 s - 4 scrolls of enchant armour
 t - a scroll of enchant weapon
 u - 2 scrolls of fog
 y - 2 scrolls of blinking
 E - a scroll of torment
 F - 2 scrolls of identify
Potions
 f - a potion of ambrosia
 g - a potion of brilliance
 i - 4 potions of flight
 j - a potion of heal wounds
 r - 5 potions of curing
 v - a potion of might
 w - 3 potions of magic
 A - a potion of resistance
Miscellaneous
 I - a box of beasts
 K - a fan of gales
Comestibles
 b - 20 rations
 B - 4 chunks of flesh


   Skills:
 - Level 10.0 Fighting
 + Level 11.2 Dodging
 - Level 1.7 Stealth
 * Level 12.4 Unarmed Combat
 - Level 7.0 Spellcasting
 - Level 6.0 Hexes


You had 25 spell levels left.
You knew the following spells:

 Your Spells              Type           Power        Failure   Level  Hunger
a - Confusing Touch       Hex            ###...       1%          1    None

Your spell library contained the following spells:

 Spells                   Type           Power        Failure   Level  Hunger
 Summon Guardian Golem    Hex/Summ       ##......     12%         3    ##.....
 Cause Fear               Hex            ###.......   12%         4    ####...
 Animate Skeleton         Necr           N/A          14%         1    None
 Apportation              Tloc           #.....       14%         1    None
 Summon Small Mammal      Summ           #...         14%         1    None
 Call Imp                 Summ           #.......     22%         2    #......
 Call Canine Familiar     Summ           #.......     38%         3    ##.....
 Silence                  Hex/Air        ##........   75%         5    ######.
 Yara's Violent Unravell  Hex/Tmut       ##........   75%         5    ######.
 Summon Ice Beast         Ice/Summ       #.......     80%         4    ####...
 Summon Lightning Spire   Summ/Air       #.......     80%         4    ####...
 Deflect Missiles         Chrm/Air       #.........   100%        6    #######
 Discord                  Hex            ###.......   100%        8    #######


Dungeon Overview and Level Annotations

Branches:
Dungeon (12/15)            Temple (0/1) D:6            Lair (4/6) D:11
  Swamp (0/4) Lair:4       Spider (0/4) Lair:4          Orc (0/2) D:9

Altars:
Cheibriados
Elyvilon
Fedhas
Gozag
Hepliaklqana
Makhleb
Okawaru
Qazlal
Trog
Uskayaw
Vehumet
Xom
Yredelemnul
The Shining One
Beogh

Shops:
D:7 :

Annotations:
D:4 1 runed translucent door
D:5 2 transporters
D:8 2 transporters, harness's ghost, novice DEFE
D:10 Gastronok; Snorg
D:11 2 runed translucent doors, P0WERM0DE's ghost, novice DDFi


Innate Abilities, Weirdness & Mutations

You have a pair of horns on your head.
You are mostly covered in thin metallic scales. (AC +3)
Your flesh is heat resistant. (rF+)
You sometimes gain a little power by taking damage.
You are partially covered in sharp spines.


Message History

You enter the shallow water.
Moving in this stuff is going to be slow.
You are engulfed in freezing vapours.
You are engulfed in freezing vapours.
You are engulfed in freezing vapours.
You focus on the pain.
You feel very mighty all of a sudden.
You are engulfed in freezing vapours.
* * * LOW HITPOINT WARNING * * *
You are engulfed in freezing vapours.
* * * LOW HITPOINT WARNING * * *
You focus on the pain.
You feel agile all of a sudden.
You feel much better.
You are engulfed in freezing vapours.
* * * LOW HITPOINT WARNING * * *
You focus on the pain.
You feel more agile all of a sudden.
You enter the shallow water.
Moving in this stuff is going to be slow.
You are engulfed in freezing vapours.
You die... #..# ##≈#°.°.# #..###.≈#.##○.# #...#[###≈# .Y# #...#..##○# .Y. ##...###§## hhh

##..###§#
d.
##.##○## .
#..##☼#
##≈##@##
##..##§##
#..####☼##
#.## ##§#
#.#####.##
#.#.#.#.#
#......##
#..⌠≈#.#
##...###


There were no monsters in sight!

Vanquished Creatures
  Harold (D:10)
  A hydra (Lair:2)
  A two-headed ogre (D:9)
  5 death yaks (Lair:2)
  Urug (Lair:1)
  Nergalle (Lair:3)
  An oklob plant (D:11)
  An ugly thing (D:11)
  6 elephants (Lair:3)
  Joseph (D:10)
  An ice statue (IceCv)
  3 spiny frogs
  A torpor snail (Lair:3)
  4 komodo dragons
  A hornet (D:8)
  12 polar bears (IceCv)
  Grinder (D:3)
  11 blink frogs
  6 hippogriffs
  17 yaks
  A human (D:8)
  A wyvern (D:11)
  Eustachio (D:6)
  A steam dragon (D:7)
  2 hungry ghosts
  A soldier ant (D:11)
  2 water moccasins
  Edmund (D:6)
  5 porcupines
  An ice beast (D:9)
  3 orc warriors (D:9)
  An eye of draining (D:6)
  2 ogres
  2 phantoms
  17 wolves
  5 centaurs
  4 crocodiles
  Blork the orc (D:6)
  12 bullfrogs
  A big kobold (D:11)
  A water moccasin zombie (D:10)
  2 scorpions
  A water moccasin skeleton (D:10)
  A wyvern skeleton (D:7)
  13 killer bees
  4 wights (D:8)
  A howler monkey (D:5)
  3 centaur zombies
  6 crimson imps
  5 jellies
  4 hounds
  8 orc wizards
  Crazy Yiuf (D:6)
  5 orc priests
  4 centaur skeletons
  2 bullfrog skeletons (D:10)
  A gnoll shaman (D:6)
  Terence (D:2)
  2 iguanas (D:4)
  9 worker ants
  5 hell rats (Lair:2)
  A hound zombie (D:7)
  2 hound skeletons
  A worker ant zombie (D:8)
  3 gnolls (D:6)
  9 adders
  7 river rats (Lair:2)
  3 shadow imps
  An adder skeleton (D:8)
  An adder zombie (D:9)
  A worm (D:2)
  A dart slug (D:1)
  8 leopard geckos
  34 orcs
  A ball python (D:8)
  2 bats
  3 giant cockroaches
  7 goblins
  5 hobgoblins
  9 jackals
  7 kobolds
  2 quokkas
  4 frilled lizards
  A quokka zombie (D:5)
  15 rats
  A plant (D:11)
348 creatures vanquished.

Vanquished Creatures (others)
  A death yak (IceCv)
  4 polar bears (IceCv)
  5 dream sheep (D:5)
  2 yaks (IceCv)
  5 wolves (IceCv)
  6 fungi
  4 plants
27 creatures vanquished.

Grand Total: 375 creatures vanquished

Notes
Turn   | Place    | Note
-------+----------+-------------------------------------------
     0 | D:1      | Kniotic the Demonspawn Monk began the quest for the Orb.
     0 | D:1      | Reached XP level 1. HP: 18/18 MP: 1/1
    64 | D:1      | Reached skill level 3 in Unarmed Combat
    96 | D:1      | Gained mutation: You sometimes gain a little power by
                  | taking damage. [demonic ancestry]
    96 | D:1      | Reached XP level 2. HP: 14/24 MP: 2/2
   961 | D:2      | Reached XP level 3. HP: 24/29 MP: 3/3
  1088 | D:2      | Noticed Terence
  1365 | D:2      | Reached skill level 4 in Unarmed Combat
  2351 | D:3      | Noticed Grinder
  2567 | D:3      | Gained mutation: You are partially covered in thin metallic
                  | scales. (AC +2) [demonic ancestry]
  2567 | D:3      | Reached XP level 4. HP: 6/35 MP: 4/4
  2978 | D:3      | Found a glowing golden altar of the Shining One.
  3101 | D:3      | Paralysed by Grinder for 6 turns
  3109 | D:3      | Killed Grinder
  3109 | D:3      | Reached skill level 6 in Unarmed Combat
  3109 | D:3      | Gained mutation: You are partially covered in sharp spines.
                  | [demonic ancestry]
  3109 | D:3      | Reached XP level 5. HP: 4/41 MP: 5/5
  3109 | D:3      | Gained mutation: You have a pair of small horns on your
                  | head. [demonic ancestry]
  3109 | D:3      | Reached XP level 6. HP: 5/47 MP: 6/6
  3791 | D:2      | Killed Terence
  3923 | D:4      | Found a white marble altar of Elyvilon.
  3924 | D:4      | Found a runed translucent door.
  3924 | D:4      | Noticed an angel
  4010 | D:4      | Found a blossoming altar of Fedhas.
  4143 | D:4      | Reached skill level 7 in Unarmed Combat
  4299 | D:4      | Gained mutation: You are mostly covered in thin metallic
                  | scales. (AC +3) [demonic ancestry]
  4299 | D:4      | Reached XP level 7. HP: 48/52 MP: 7/7
  4447 | D:5      | Entered Level 5 of the Dungeon
  4523 | D:5      | Found a burning altar of Makhleb.
  4693 | D:5      | Reached skill level 8 in Unarmed Combat
  4779 | D:5      | Found a transporter.
  4779 | D:5      | Found a transporter.
  4822 | D:5      | Noticed a dream sheep
  4822 | D:5      | Noticed a dream sheep
  4822 | D:5      | Noticed a dream sheep
  4822 | D:5      | Noticed a dream sheep
  4822 | D:5      | Noticed a dream sheep
  4822 | D:5      | Found a shimmering altar of Xom.
  4825 | D:5      | Killed a dream sheep
  4825 | D:5      | Killed a dream sheep
  4827 | D:5      | Killed a dream sheep
  4827 | D:5      | Killed a dream sheep
  4829 | D:5      | Killed a dream sheep
  5000 | D:5      | Identified the amulet of Zipp {rC++ Regen+ Str-2}
  5101 | D:5      | Found a basalt altar of Yredelemnul.
  5234 | D:6      | Reached skill level 9 in Unarmed Combat
  5234 | D:6      | Reached XP level 8. HP: 47/58 MP: 0/8
  5310 | D:6      | Noticed Eustachio
  5455 | D:6      | Found a runed translucent door.
  5456 | D:6      | Noticed Crazy Yiuf
  5655 | D:6      | Noticed Edmund
  5662 | D:6      | Killed Edmund
  5662 | D:6      | Reached skill level 10 in Unarmed Combat
  5668 | D:6      | Found a bloodstained altar of Trog.
  5674 | D:6      | Found a snail-covered altar of Cheibriados.
  5677 | D:6      | Found a hide-covered altar of Uskayaw.
  5681 | D:6      | Became a worshipper of Uskayaw the Reveler
  5681 | D:6      | Reached * piety under Uskayaw
  5717 | D:6      | Reached ** piety under Uskayaw
  5719 | D:6      | Killed Eustachio
  5822 | D:6      | Found a staircase to the Ecumenical Temple.
  6008 | D:6      | Noticed Blork the orc
  6127 | D:6      | Killed Blork the orc
  6127 | D:6      | Reached *** piety under Uskayaw
  6353 | D:6      | Killed Crazy Yiuf
  6437 | D:7      | Got a fine copper amulet
  6438 | D:7      | Identified the amulet "Wiolofre" {Acrobat rC- Str+8 Int+2
                  | Slay+2} (You found it on level 7 of the Dungeon)
  6576 | D:7      | Gained mutation: You have a pair of horns on your head.
                  | [demonic ancestry]
  6576 | D:7      | Reached XP level 9. HP: 31/66 MP: 9/9
  6902 | D:7      | Found Regak's Book Shoppe.
  6905 | D:7      | Bought a book of Cantrips for 280 gold pieces
  6907 | D:7      | Learned a level 1 spell: Confusing Touch
  7174 | D:7      | Reached skill level 5 in Fighting
  7427 | D:8      | Found an opulent altar of Gozag.
  7506 | D:8      | Reached skill level 1 in Hexes
  7519 | D:8      | Found a stormy altar of Qazlal.
  7591 | D:8      | Reached skill level 5 in Dodging
  7593 | D:8      | Reached **** piety under Uskayaw
  7596 | D:8      | Reached ***** piety under Uskayaw
  7945 | D:8      | Found a transporter.
  7947 | D:8      | Found a transporter.
  7948 | D:8      | Noticed harness's ghost (novice DEFE)
  7974 | D:8      | Noticed a queen bee
  8186 | D:8      | Found a radiant altar of Vehumet.
  8863 | D:9      | Reached XP level 10. HP: 74/79 MP: 10/10
  8866 | D:9      | Noticed a two-headed ogre
  8877 | D:9      | Killed a two-headed ogre
  9037 | D:9      | Found a staircase to the Orcish Mines.
  9291 | D:9      | Found a roughly hewn altar of Beogh.
  9338 | D:9      | Found a hazy altar of Hepliaklqana.
  9415 | D:9      | Found an iron altar of Okawaru.
  9738 | D:10     | Entered Level 10 of the Dungeon
  9815 | D:10     | Noticed Harold
  9822 | D:10     | Killed Harold
 10016 | D:10     | Noticed Joseph
 10031 | D:10     | Killed Joseph
 10031 | D:10     | Reached skill level 5 in Hexes
 10157 | D:10     | Noticed Gastronok
 10161 | D:10     | Noticed Snorg
 10803 | D:11     | Noticed a green ugly thing
 10822 | D:11     | Killed a green ugly thing
 10849 | D:11     | Reached XP level 11. HP: 36/89 MP: 11/11
 10934 | D:11     | Found a flickering gateway to a bazaar.
 10945 | Bazaar   | Entered a bazaar
 11097 | Bazaar   | Found Besiczur's Food Boutique.
 11115 | Bazaar   | Found Yttitama's Assorted Antiques.
 11132 | Bazaar   | Found Nutruemaywk's Jewellery Boutique.
 11149 | Bazaar   | Found Negh's Weapon Shoppe.
 11203 | Bazaar   | Bought a scroll of blinking for 225 gold pieces
 11203 | Bazaar   | Bought a scroll of fear for 105 gold pieces
 11203 | Bazaar   | Bought a potion of curing for 90 gold pieces
 11484 | D:11     | Found a staircase to the Lair.
 11485 | D:11     | Noticed an oklob plant
 11491 | D:11     | Found a runed translucent door.
 11503 | D:11     | Killed an oklob plant
 11677 | D:11     | Found a runed translucent door.
 11696 | D:11     | Noticed a deep troll earth mage
 11696 | D:11     | Noticed a lich
 11696 | D:11     | Noticed a yaktaur captain
 11696 | D:11     | Noticed a necromancer
 11697 | D:11     | Noticed P0WERM0DE's ghost (novice DDFi)
 11698 | D:11     | Noticed a skeletal warrior
 11699 | D:11     | Noticed a skeletal warrior
 12023 | D:12     | Noticed a brown ugly thing
 12286 | Lair:1   | Entered Level 1 of the Lair of Beasts
 12542 | Lair:1   | Noticed Urug
 12592 | Lair:1   | Killed Urug
 12592 | Lair:1   | Reached skill level 1 in Spellcasting
 12673 | Lair:1   | Reached skill level 10 in Fighting
 12710 | Lair:1   | HP: 4/90 [poisoned by a spiny frog]
 12718 | Lair:1   | HP: 4/90 [poisoned by a spiny frog]
 13816 | Lair:2   | Noticed a death yak
 13816 | Lair:2   | Noticed a death yak
 13816 | Lair:2   | Noticed a death yak
 13817 | Lair:2   | Noticed a death yak
 13817 | Lair:2   | Noticed a death yak
 13861 | Lair:2   | Killed a death yak
 13861 | Lair:2   | Reached skill level 10 in Dodging
 14265 | Lair:2   | Killed a death yak
 14265 | Lair:2   | Reached skill level 5 in Spellcasting
 14267 | Lair:2   | Killed a death yak
 14267 | Lair:2   | Reached XP level 12. HP: 75/97 MP: 17/20
 14271 | Lair:2   | Killed a death yak
 14651 | Lair:2   | Noticed a five-headed hydra
 14657 | Lair:2   | Killed a death yak
 15241 | Lair:2   | Killed a five-headed hydra
 15550 | Lair:3   | Reached ****** piety under Uskayaw
 15671 | Lair:3   | Reached skill level 11 in Unarmed Combat
 16287 | Lair:3   | Noticed an eight-headed hydra
 16561 | Lair:3   | Noticed Nergalle
 16583 | Lair:3   | Killed Nergalle
 17090 | Lair:4   | Found a frozen archway.
 17101 | IceCv    | Entered an ice cave
 17789 | IceCv    | Reached skill level 12 in Unarmed Combat
 17928 | IceCv    | Gained mutation: Your flesh is heat resistant. (rF+)
                  | [demonic ancestry]
 17928 | IceCv    | Reached XP level 13. HP: 90/103 MP: 23/23
 18296 | IceCv    | Noticed a white draconian
 18372 | IceCv    | HP: 5/103 [polar bear (2)]
 18922 | IceCv    | HP: 2/103 [something (23)]
 18925 | IceCv    | Engulfed by a cloud of freezing vapour

Skill      XL: |  1  2  3  4  5  6  7  8  9 10 11 12 |
---------------+-------------------------------------+-----
Unarmed Combat | 3 4 6 7 9 10 12 | 12.4
Dodging        | 4 6 8 10 11 | 11.2
Fighting       | 4 7 9 10 | 10.0
Hexes          | 3 5 6 |  6.0
Spellcasting   | 5 7 |  7.0
Stealth        | |  1.7

Action                   |  1- 3 |  4- 6 |  7- 9 | 10-12 | 13-15 || total
-------------------------+-------+-------+-------+-------+-------++-------
Melee: Unarmed           |   170 |    86 |   258 |   527 |    50 ||  1091
       Punch             |     3 |     1 |    12 |    30 |     5 ||    51
       Headbutt          |       |    14 |    59 |   159 |    16 ||   248
 Cast: Confusing Touch   |       |       |       |     2 |       ||     2
Invok: Stomp             |       |       |     1 |       |       ||     1
       Grand Finale      |       |       |       |     1 |       ||     1
Evoke: Wand              |       |       |       |    15 |       ||    15
  Use: Potion            |     1 |     1 |       |       |     4 ||     6
       Scroll            |       |       |    20 |    10 |     1 ||    31
 Stab: Sleeping          |     4 |     2 |     6 |     8 |       ||    20
       Paralysed         |       |       |     5 |    36 |     6 ||    47
       Distracted        |       |       |     1 |     1 |     1 ||     3
       Confused          |       |       |       |     1 |       ||     1
  Eat: Chunk             |     2 |     2 |    12 |    17 |     3 ||    36
       Ration            |     1 |     1 |     1 |     4 |       ||     7
Armor: Robe              |    28 |    25 |    42 |       |       ||    95
       Skin              |     3 |     1 |       |       |       ||     4
       Steam dragon scal |       |       |    10 |    75 |    11 ||    96
Dodge: Dodged            |   110 |    64 |   123 |   449 |    46 ||   792
